 Dungeon Crawl Stone Soup version 0.27-a0-1308-gc08437e49b (webtiles) character file.

Game seed: 7393594462176454969

2 flotson the Sneak (level 1, -7/18 HPs)
             Began as a Demonspawn Delver on June 18, 2021.
             Mangled by a phantom (8 damage)
             ... on level 4 of the Dungeon.
             The game lasted 00:00:23 (28 turns).

flotson the Sneak (Demonspawn Delver)                 Turns: 28, Time: 00:00:24

Health: -7/18      AC:  3    Str: 12    XL:     1   Next: 33%
Magic:  1/1        EV: 11    Int: 11    God:
Gold:   0          SH:  0    Dex: 14    Spells: 0/0 levels left

rFire    . . .     SeeInvis .   h - +0 trident
rCold    . . .     Faith    .   (no shield)
rNeg     . . .     Spirit   .   b - +0 leather armour
rPois    .         Reflect  .   (no helmet)
rElec    .         Harm     .   (no cloak)
rCorr    .         Rampage  .   (no gloves)
Will     .....                  (no boots)
Stlth    ++........             (no amulet)
HPRegen  0.06/turn              (no ring)
MPRegen  0.07/turn              (no ring)

@: hasted, very quick
A: no striking features
a: no special abilities


You were on level 4 of the Dungeon.
You visited 1 branch of the dungeon, and saw 2 of its levels.

Inventory:

Hand Weapons
 a - a +0 hand axe
 h - a +0 trident (weapon)
Armour
 b - a +0 leather armour (worn)
Wands
 g - a wand of digging (2)
Scrolls
 c - a scroll of fog
 e - a scroll of fear


   Skills:
 + Level 3.0 Fighting
 + Level 1.8 Axes
 + Level 0.1 Armour
 + Level 1.8 Dodging
 - Level 4.5 Stealth


You couldn't memorise any spells.
You didn't know any spells.
Your spell library was empty.

Dungeon Overview and Level Annotations

Branches:
Dungeon (5/15)             Temple (0/1) D:4

Altars:


Message History

There is a stone staircase leading up here.
The phantom closely misses you.
You climb upwards.
There is a stone staircase leading down here.
As you read the scroll of magic mapping, it crumbles to dust.
You feel aware of your surroundings.
You sensed 2 altars.
The phantom closely misses you.
Aiming: Dig
Press: ? - help, Shift-Dir - straight line A rock wall.
The rock shatters into small pieces. 2 dart slugs come into view.
The phantom hits you!
An orc comes into view. It is wielding a +0 short sword.
You puncture the dart slug!
The dart slug is severely wounded.
The phantom misses you. The dart slug closely misses you.
You hit the dart slug but do no damage.
The dart slug is severely wounded.
The phantom hits you. The dart slug bites you.
The phantom hits you but does no damage.
You hit the dart slug.
The dart slug is almost dead.
The phantom hits you.
* * * LOW HITPOINT WARNING * * *
The dart slug misses you.
You hit the dart slug.
You kill the dart slug!
The phantom barely misses you.
You feel yourself speed up.
The orc shouts!
You hear a shout!
The phantom hits you but does no damage.
You hit the dart slug.
The dart slug is heavily wounded.
The phantom hits you but does no damage.
The dart slug closely misses you.
You puncture the dart slug!
You kill the dart slug!
The phantom hits you!
You die...

,,***###.###### *,,,,,,*,*
*** #....>...# ******,,,* *
#.######.# *,,** *,* #.# *,,*
******,* #.### *********
,,,,,,,* #...# *,,,,,,,*
********** ###.# ***,,,,,,,*
*,,**** #W## *,+,,,>,,,*
*,*,*,**##@# *,*,,,,,,,* *
*,,,*,,*,##†# *,*,,,,,,,* *
***,*,,,*,,,*o.#**,****+*****
*
*,,,,,*,,,*,,....,,,,*,,,,,,*
*
*,*,*,,,*,,,*.##.#**,,,******
* *,*,,,*,,*,**## #.#**,** *
*,*,*,*,****,* #.#*,*
*****,*,,*****,,,** ##*,*
,,,,,,****** *,,,,** *,*


You could see a phantom and an orc.

Vanquished Creatures
  2 dart slugs (D:4)
2 creatures vanquished.

Notes
Turn   | Place    | Note
-------+----------+-------------------------------------------
     0 | D:5      | flotson the Demonspawn Delver began the quest for the Orb.
     0 | D:5      | Reached XP level 1. HP: 18/18 MP: 1/1
     0 | D:5      | Noticed an orc wizard
     0 | D:5      | Noticed an orc wizard
     0 | D:5      | Noticed an orc wizard
     0 | D:5      | Noticed an orc wizard
     1 | D:5      | Noticed an ogre
     1 | D:5      | Noticed a phantom
    28 | D:4      | Mangled by a phantom

Illustrated notes

Levels and vault maps discovered:
D:4:      minmay_spotlight, layout_loops_ring, grunt_temple_overflow_open,
          temple_green, uniq_ijyb, uniq_blork_the_orc
D:5:      layout_rooms, kennysheep_mini_moat, minmay_misc_feat_iff,
          minmay_misc_feat_diagonals, nicolae_inconvenience_store,
          hangedman_abyss_or_decor_lesser_grid,
          minmay_a_box_with_orc_wizards_in_it

Action                   || total
-------------------------++-------
Melee: Trident           ||     6
Evoke: Wand              ||     1
  Use: Scroll            ||     1
       Potion            ||     1
Armor: Leather armour    ||     3
Dodge: Dodged            ||     7

Table legend: (Time is in decaauts)
 A = Elapsed time spent in this place.
 B = Non-inter-level travel time spent in this place.
 C = Inter-level travel time spent in this place.
 D = Time resting spent in this place.
 E = Time spent auto-exploring this place.
 F = Levels seen in this place.
 G = Mean time per level.
                   A        B        C        D        E       F      G
               +--------+--------+--------+--------+--------+-----+--------+
         Total |     28 |     28 |      0 |      0 |      0 |   2 |   14.0 |
       Dungeon |     28 |     28 |      0 |      0 |      0 |   2 |   14.0 |
               +--------+--------+--------+--------+--------+-----+--------+

Top non-repeatable levels by time:
     D:4: 18 daAuts
     D:5: 9 daAuts
